AoeStats
← Ja1r

Pilgrims

509805848Analyzed
4v4 RM · 4d ago on Sep 28, 2026· 27m 28s· 8 players
Game mode
Random Map
Map size
Large (8 player)
Population
200
Speed
Normal
Resources
Standard
Victory
Conquest
Starting age
Dark Age
Ending age
Imperial Age
RankedLock teamsTeams togetherTeam positionsShared explorationLock speedFull tech treeHidden civsTurbo modeCheats
Victory
Defeat
🇦🇷 Cumans · Argentina
989
+12
🇨🇱 Chinese · Chile
924
+15
🇨🇴 Goths · Colombia
900
+16
🇩🇪 Vietnamese · Germany
868
+41
🇺🇸 Slavs · United States
957
-18
🇺🇸 Franks · United States
882
-14
🇲🇽 Varangians · Mexico
881
-14
🇺🇸 Dravidians · United States
870
-14
Juan Carlos Bodoque
4:18 Loom
10:53 Feudal Age
11:18 Fishing Lines
11:50 Double-Bit Axe
12:23 Town Watch
15:35 Wheelbarrow
18:00 Forging
17:41 Fletching
23:45 Castle Age
24:44 Medium Warships
24:25 Gillnets
24:36 Bodkin Arrow
25:16 Iron Casting
Ja1r
4:41 Loom
11:11 Feudal Age
13:50 Man-at-Arms
15:09 Double-Bit Axe
18:00 Horse Collar
21:42 Castle Age
21:41 Scale Mail Armor
22:19 Fletching
23:57 Medium Warships
24:01 Heavy Plow
23:33 Long Swordsman
24:13 Squires
24:29 Forging
24:57 Bodkin Arrow
26:02 Wheelbarrow
26:16 Chain Mail Armor
sascha.m.89x
9:22 Loom
13:22 Feudal Age
14:16 Double-Bit Axe
15:52 Wheelbarrow
15:00 Horse Collar
18:31 Gold Mining
21:56 Stone Mining
24:13 Castle Age
25:45 Bow Saw
26:16 Stone Shaft Mining
25:46 Heavy Plow
26:19 Hand Cart
Noxh
14:00 Feudal Age
17:40 Loom
20:04 Wheelbarrow
19:18 Double-Bit Axe
22:48 Castle Age
21:53 Fishing Lines
23:51 Hand Cart
23:47 Bow Saw
23:52 Bloodlines
23:49 Scale Barding Armor
24:07 Gillnets
26:54 Forging
bergiebird
5:52 Loom
12:47 Feudal Age
17:12 Castle Age
15:04 Double-Bit Axe
15:56 Wheelbarrow
16:23 Fletching
18:11 Town Watch
18:29 Fishing Lines
22:02 Imperial Age
20:26 Bodkin Arrow
20:58 Ballistics
21:46 Careening
21:58 Clinker Construction
22:59 Bracer
23:40 Dry Dock
26:27 Carvel Hull
28:31 Chemistry
SpicyBoi
11:06 Feudal Age
10:54 Loom
13:46 Gold Mining
15:22 Horse Collar
19:36 Double-Bit Axe
22:58 Castle Age
21:30 Man-at-Arms
22:55 Wheelbarrow
22:59 Long Swordsman
23:59 Forging
23:51 Scale Mail Armor
24:28 Gold Shaft Mining
24:24 Squires
25:03 Stone Mining
SköllShadow
4:23 Loom
13:36 Feudal Age
15:21 Wheelbarrow
14:37 Double-Bit Axe
14:33 Fishing Lines
23:18 Castle Age
21:48 Arson
22:21 Horse Collar
22:54 Forging
22:47 Scale Mail Armor
22:39 Fletching
22:41 Gold Mining
24:10 Gambesons
24:26 Squires
25:12 Iron Casting
24:54 Hand Cart
24:50 Bow Saw
24:48 Heavy Plow
24:53 Gillnets
25:25 Chain Mail Armor
25:06 Bodkin Arrow
25:28 Stone Mining
26:51 Bloodlines
26:41 Husbandry
wild
4:32 Loom
13:17 Feudal Age
18:23 Castle Age
Connection lost

Rejoining the realm…

Still unreachable

The connection could not be restored.

Session expired

The server has moved on; the page needs a fresh start.